 Dungeon Crawl Stone Soup version 0.31.0-11-ge490571c62 (webtiles) character file.

Game seed: 18382917180344779586

792 Ashen the Sneak (level 7, -7/51 HPs)
             Began as a Gnoll Enchanter on Feb 6, 2024.
             Mangled by an ice beast (11 damage)
             ... on level 5 of the Dungeon.
             The game lasted 00:15:30 (5417 turns).

Ashen the Sneak (Gnoll Enchanter)                   Turns: 5417, Time: 00:15:31

Health: -7/51      AC:  0    Str:  7    XL:     7   Next: 88%
Magic:  9/15       EV: 14    Int: 14    God:
Gold:   155        SH:  0    Dex: 15    Spells: 6/17 levels left

rFire   . . .        t - +3 dagger
rCold   . . .        (no shield)
rNeg    . . .        b - +0 robe
rPois   .            (no helmet)
rElec   .            (no cloak)
rCorr   .            j - +0 pair of gloves
SInv    .            (no boots)
Will    .....        (no amulet)
Stlth   +++          (no ring)
HPRegen 0.28/turn    (no ring)
MPRegen 0.14/turn

%: no passive effects
@: corroded
A: fangs 1, strong nose, distributed training
a: no special abilities


You were on level 5 of the Dungeon.
You visited 1 branch of the dungeon, and saw 5 of its levels.
You also visited: Sewer.

You collected 155 gold pieces.

Inventory:

Hand Weapons
 t - a +3 dagger (weapon)
 u - a +0 long sword
Armour
 b - a +0 robe (worn)
 j - a +0 pair of gloves (worn)
Jewellery
 v - a +4 ring of protection
Wands
 k - a wand of charming (10)
 p - a wand of quicksilver (5)
 s - a wand of iceblast (21)
Scrolls
 d - 6 scrolls of identify {unknown}
 e - a scroll of revelation {unknown}
 g - 7 scrolls of teleportation {unknown}
 o - a scroll of poison {unknown}
 q - a scroll of brand weapon {unknown}
Potions
 a - a potion of attraction {unknown}
 c - 2 potions of invisibility
 f - a potion of degeneration {unknown}
 h - 4 potions of curing {unknown}
 i - a potion of lignification {unknown}
 l - 2 potions of brilliance {unknown}
 m - 2 potions of mutation {unknown}
 n - a potion of ambrosia {unknown}
 r - a potion of enlightenment {unknown}


   Skills:
 + Level 2.9 Fighting
 + Level 3.9 Short Blades
 + Level 2.9 Long Blades
 + Level 2.9 Axes
 + Level 2.9 Maces & Flails
 + Level 2.9 Polearms
 + Level 2.9 Staves
 + Level 2.9 Ranged Weapons
 + Level 2.9 Throwing
 + Level 2.9 Armour
 + Level 5.4 Dodging
 + Level 6.7 Stealth
 + Level 2.9 Shields
 + Level 2.9 Unarmed Combat
 + Level 5.8 Spellcasting
 + Level 2.3 Conjurations
 + Level 6.0 Hexes
 + Level 2.3 Summonings
 + Level 2.3 Necromancy
 + Level 2.3 Translocations
 + Level 2.3 Fire Magic
 + Level 2.3 Ice Magic
 + Level 2.3 Air Magic
 + Level 2.3 Earth Magic
 + Level 2.3 Alchemy
 + Level 3.2 Invocations
 + Level 2.9 Evocations
 + Level 2.6 Shapeshifting


You had 6 spell levels left.
You knew the following spells:

 Your Spells              Type           Power      Damage    Failure   Level
a - Ensorcelled Hibernat  Hex/Ice        30%        N/A       4%          2
b - Confusing Touch       Hex            20%        N/A       4%          3
c - Tukima's Dance        Hex            20%        N/A       4%          3
d - Dazzling Flash        Conj/Hex       30%        N/A       9%          3

Your spell library contained the following spells:

 Spells                   Type           Power      Damage    Failure   Level
 Jinxbite                 Hex            40%        N/A       1%          2
 Apportation              Tloc           20%        N/A       6%          1
 Summon Ice Beast         Ice/Summ       10%        N/A       19%         3
 Dimensional Bullseye     Hex/Tloc       7%         N/A       28%         4
 Iskenderun's Mystic Bla  Conj/Tloc      10%        2d4       52%         4
 Summon Mana Viper        Hex/Summ       15%        N/A       63%         5
 Alistair's Intoxication  Alch           6%         N/A       86%         5
 Monstrous Menagerie      Summ           5%         N/A       100%        7


Dungeon Overview and Level Annotations

Branches:
Dungeon (5/15)              Sewer (visited)
 Temple: D:4-7

Altars:
Fedhas

Shops:
D:4 :

Annotations:
D:2 1 runed translucent door, Crazy Yiuf


Innate Abilities, Weirdness & Mutations

You have very sharp teeth.
Your uncanny sense of smell can sniff out nearby items.
Your experience applies equally to all skills.


Message History

Found a scroll labelled OPHEOMI DEHOFO.
The jelly closely misses you.
Casting: Confusing Touch (dangerous; 4% risk of failure)
Confirm with . or Enter, or press ? or * to list all spells.
Your hands begin to glow red.
The jelly barely misses you. The ice beast closely misses you.
An orc comes into view. It is wielding a +0 whip.
The orc shouts!
You hit the ice beast but do no damage. You closely miss the ice beast.
The jelly hits you.
You are splashed with acid!
The ice beast barely misses you.
You barely miss the ice beast. The jelly hits you but does no damage.
The ice beast closely misses you.
You hit the ice beast but do no damage. The jelly misses you.
The ice beast hits you. The ice beast freezes you!
Casting: Confusing Touch (dangerous; 4% risk of failure)
Confirm with . or Enter, or press ? or * to list all spells.
Aiming: Ensorcelled Hibernation (safe; 4% risk of failure)
Press: ? - help, Shift-Dir - straight line, f - jelly
Aim: a jelly (chance to confuse on hit: 62%, chance to affect: 57%)
The jelly resists with significant effort.
The jelly completely misses you. The ice beast hits you.
The ice beast freezes you!
Casting: Ensorcelled Hibernation (safe; 4% risk of failure)
Confirm with . or Enter, or press ? or * to list all spells.
Aiming: Ensorcelled Hibernation (safe; 4% risk of failure)
Press: ? - help, Shift-Dir - straight line, f/p - jelly
Aim: a jelly (chance to confuse on hit: 62%, chance to affect: 57%)
The jelly looks drowsy...
The ice beast closely misses you.
The helpless jelly fails to defend itself.
You hit the jelly but do no damage.
The jelly appears confused.
Your hands burn!
* * * LOW HITPOINT WARNING * * *
The jelly hits you.
* * * LOW HITPOINT WARNING * * *
The acid corrodes you!
You are splashed with acid!
* * * LOW HITPOINT WARNING * * *
The jelly hits itself.
The ice beast hits you.
* * * LOW HITPOINT WARNING * * *
The ice beast freezes you!
You die...

#.......?.....
#............
#...........
#..........
........
#...o.#
#...Y.#######
#...@J.......
#............
+............
##....####.##
#....## #
#.....#
+.....#
#....<#
#.....#


You could see an ice beast, a jelly (confused) and an orc.

Vanquished Creatures
  An ogre (D:4)
  3 bullfrogs
  A scorpion (D:4)
  3 orc priests
  Jessica (D:3)
  Ijyb (D:3)
  2 orc wizards
  4 gnolls (D:4)
  9 adders
  11 dart slugs
  3 ribbon worms
  10 orcs
  7 endoplasms
  6 giant cockroaches
  6 goblins
  5 hobgoblins
  7 jackals (D:2)
  A quokka (D:4)
  9 ball pythons
  7 bats
  18 frilled lizards
  7 kobolds
  3 rats
125 creatures vanquished.

Notes
Turn   | Place    | Note
-------+----------+-------------------------------------------
     0 | D:1      | Ashen the Gnoll Enchanter began the quest for the Orb.
     0 | D:1      | Reached XP level 1. HP: 13/13 MP: 6/6
   139 | D:1      | Reached XP level 2. HP: 19/19 MP: 7/7
   142 | D:1      | Learned a level 2 spell: Ensorcelled Hibernation
   932 | D:2      | Reached skill level 5 in Spellcasting
   932 | D:2      | Reached XP level 3. HP: 25/25 MP: 5/9
   985 | D:2      | Learned a level 3 spell: Confusing Touch
   989 | D:2      | Learned a level 3 spell: Tukima's Dance
   993 | D:2      | Learned a level 3 spell: Dazzling Flash
  1003 | D:2      | Found a faded altar of an unknown god.
  1149 | D:2      | Reached skill level 1 in Invocations
  1426 | D:2      | Reached skill level 1 in Fighting
  1426 | D:2      | Reached skill level 1 in Long Blades
  1426 | D:2      | Reached skill level 1 in Axes
  1426 | D:2      | Reached skill level 1 in Maces & Flails
  1426 | D:2      | Reached skill level 1 in Polearms
  1426 | D:2      | Reached skill level 1 in Staves
  1426 | D:2      | Reached skill level 1 in Ranged Weapons
  1426 | D:2      | Reached skill level 1 in Throwing
  1426 | D:2      | Reached skill level 1 in Armour
  1426 | D:2      | Reached skill level 1 in Shields
  1426 | D:2      | Reached skill level 1 in Unarmed Combat
  1426 | D:2      | Reached skill level 1 in Evocations
  1688 | D:2      | Reached skill level 1 in Shapeshifting
  1688 | D:2      | Reached XP level 4. HP: 32/32 MP: 6/11
  1935 | D:2      | Reached skill level 1 in Conjurations
  1935 | D:2      | Reached skill level 1 in Summonings
  1935 | D:2      | Reached skill level 1 in Necromancy
  1935 | D:2      | Reached skill level 1 in Translocations
  1935 | D:2      | Reached skill level 1 in Fire Magic
  1935 | D:2      | Reached skill level 1 in Ice Magic
  1935 | D:2      | Reached skill level 1 in Air Magic
  1935 | D:2      | Reached skill level 1 in Earth Magic
  1935 | D:2      | Reached skill level 1 in Alchemy
  2023 | D:2      | Found a runed translucent door.
  2024 | D:2      | Noticed Crazy Yiuf
  2439 | D:3      | Reached XP level 5. HP: 31/37 MP: 7/12
  2706 | D:3      | Found a glowing drain.
  2727 | Sewer    | Entered a sewer
  3324 | Sewer    | Reached skill level 5 in Dodging
  3324 | Sewer    | Reached XP level 6. HP: 38/44 MP: 5/14
  3766 | D:3      | Noticed Ijyb
  3771 | D:3      | Killed Ijyb
  3824 | D:3      | Noticed Jessica
  3834 | D:3      | Killed Jessica
  4218 | D:4      | Reached XP level 7. HP: 50/50 MP: 10/15
  4385 | D:4      | Identified the +1 ring mail of Courage {SInv Stlth+}
  4689 | D:4      | Found a blossoming altar of Fedhas.
  5206 | D:4      | Found Reiz's Self-Improvement Boutique.
  5402 | D:5      | Entered Level 5 of the Dungeon
  5417 | D:5      | Mangled by an ice beast

Illustrated notes

Levels and vault maps discovered:
D:1:      evilmike_arrival_crescent, layout_basic
D:2:      layout_loops_corners, hellmonk_ecumenical_altar_dog_temple,
          uniq_crazy_yiuf_cottage
D:3:      layout_rooms, cheibrodos_sewer_entry_sluice, minmay_lizard_king,
          uniq_ijyb, uniq_jessica
D:4:      layout_gridville, fedhas_altar_decomposition, nicolae_shop_self_help
D:5:      layout_gridville, uniq_duvessa, uniq_pikel

Skill      XL: |  1  2  3  4  5  6  7 |
---------------+----------------------+-----
Spellcasting   | 5 |  5.8
Stealth        | 6 |  6.7
Invocations    | 1 2 3 |  3.2
Fighting       | 1 2 |  2.9
Long Blades    | 1 2 |  2.9
Axes           | 1 2 |  2.9
Maces & Flails | 1 2 |  2.9
Polearms       | 1 2 |  2.9
Staves         | 1 2 |  2.9
Ranged Weapons | 1 2 |  2.9
Throwing       | 1 2 |  2.9
Armour         | 1 2 |  2.9
Shields        | 1 2 |  2.9
Unarmed Combat | 1 2 |  2.9
Evocations     | 1 2 |  2.9
Shapeshifting  | 1 2 |  2.6
Conjurations   | 1 2 |  2.3
Summonings     | 1 2 |  2.3
Necromancy     | 1 2 |  2.3
Translocations | 1 2 |  2.3
Fire Magic     | 1 2 |  2.3
Ice Magic      | 1 2 |  2.3
Air Magic      | 1 2 |  2.3
Earth Magic    | 1 2 |  2.3
Alchemy        | 1 2 |  2.3
Short Blades   | 3 |  3.9
Dodging        | 5 |  5.4
Hexes          | 6 |  6.0

Action                     |  1- 3 |  4- 6 |  7- 9 || total
---------------------------+-------+-------+-------++-------
  Melee: Dagger            |    98 |   142 |    77 ||   317
         Bite              |    13 |     9 |    10 ||    32
         Punch             |     1 |     3 |     2 ||     6
   Cast: Ensorcelled Hiber |    18 |    67 |    35 ||   120
         Confusing Touch   |       |       |     2 ||     2
   Stab: Sleeping          |    20 |    45 |    21 ||    86
 Armour: Robe              |    46 |    98 |    42 ||   186
  Dodge: Dodged            |    66 |   115 |    46 ||   227
